 Dungeon Crawl Stone Soup version 0.29.0-4-gdea44cf6ec (webtiles) character file.

Game seed: 13319631336661513757

557 qw the Chopper (level 7, -1/43 HPs)
             Began as a Gargoyle Berserker on Sept 4, 2022.
             Was a Believer of Trog.
             Slain by Grinder (6 damage)
             ... on level 5 of the Dungeon.
             The game lasted 00:01:43 (4401 turns).

qw the Chopper (Gargoyle Berserker)                 Turns: 4401, Time: 00:01:44

Health: -1/43      AC: 21    Str: 26    XL:     7   Next: 30%
Magic:  7/7        EV:  7    Int:  8    God:    Trog [**....]
Gold:   165        SH:  0    Dex:  9    Spells: 6/6 levels left

rFire   . . .      SeeInvis +   l - +3 war axe of Teplon {drain, rN+ Str+4}
rCold   + . .      Faith    .   (no shield)
rNeg    + + .      Spirit   .   j - +4 plate armour
rPois   inf        Reflect  .   (helmet restricted)
rElec   +          Harm     .   f - +0 cloak
rCorr   .          Rampage  .   (no gloves)
Will    +....                   (no boots)
Stlth   ..........              (no amulet)
HPRegen 0.14/turn               k - ring of see invisible
MPRegen 0.10/turn               b - ring of protection from cold

@: about to teleport, on berserk cooldown, slowed, very slow
A: sickness immunity, AC +4, negative energy resistance 1, electricity
resistance, torment resistance 1, petrification resistance, hooves 1, horns 1,
strong-willed 1
a: Renounce Religion, Berserk, Trog's Hand


You were on level 5 of the Dungeon.
You worshipped Trog.
Trog was pleased with you.
You visited 1 branch of the dungeon, and saw 5 of its levels.

You collected 250 gold pieces.
You spent 85 gold pieces at shops.


Innate Abilities, Weirdness & Mutations

You are immune to sickness and miasma.
Your stone body is resilient. (AC +4)
You are immune to poison.
You resist negative energy. (rN+)
You are resistant to electric shocks. (rElec)
You are resistant to unholy torment.
You are immune to petrification.
You have large cloven feet.
You have a pair of small horns on your head.
You are strong-willed. (Will+)


   Skills:
 + Level 4.0 Fighting
 - Level 7.0 Axes
 - Level 3.0 Armour
 - Level 1.5 Dodging


You had 6 spell levels left.
You didn't know any spells.
Your spell library was empty.

Inventory:

Hand Weapons
 e - a +0 flail
 l - the +3 war axe of Teplon (weapon) {drain, rN+ Str+4}
   (You found it on level 3 of the Dungeon)

   A truly terrible weapon, it drains the life of any living foe it strikes.
   Str:       It affects your strength (+4).
   rN:        It protects you from negative energy.
Armour
 f - a +0 cloak (worn)
 j - a +4 plate armour (worn)
Jewellery
 b - a ring of protection from cold (right hand)
 k - a ring of see invisible (left hand)
 o - a ring of fire
Scrolls
 a - a scroll of identify
 d - a scroll of poison {unknown}
Potions
 c - a potion of haste
 g - 3 potions of curing
 h - a potion of heal wounds
 i - a potion of mutation

Dungeon Overview and Level Annotations

Branches:
Dungeon (5/15)
 Temple: D:4-7

Altars:
Cheibriados

Shops:
D:2 [

Annotations:
D:2 1 runed translucent door, Crazy Yiuf
D:3 2 transporters, qw's ghost, weakling OgEn
D:5 Dowan; Duvessa; Grinder; Prince Ribbit


Message History

You feel the effects of Trog's Hand fading.
Prince Ribbit closely misses you. Prince Ribbit hits you.
The orc shoots a sling bullet.
The sling bullet hits you but does no damage.
Prince Ribbit hits you.
You barely miss Prince Ribbit.
Prince Ribbit is severely wounded.
You closely miss the white imp.
Prince Ribbit hits you but does no damage.
The white imp gestures at you.
The puff of frost hits you but does no damage.
Prince Ribbit hits you but does no damage.
The white imp gestures at you.
The puff of frost hits you but does no damage.
The orc shoots a sling bullet.
The sling bullet hits you but does no damage.
You slash Prince Ribbit! Your kick misses Prince Ribbit.
Prince Ribbit is almost dead.
You slash the white imp! Prince Ribbit hits you!
Prince Ribbit hits you but does no damage.
The orc shoots a sling bullet.
The sling bullet hits you but does no damage.
Prince Ribbit barely misses you.
You barely miss Prince Ribbit. Your headbutt misses Prince Ribbit.
Prince Ribbit is almost dead.
You barely miss the ice beast. You hit Grinder.
Prince Ribbit blinks!
Grinder hits you!
The white imp laughs crazily.
Duvessa zaps a wand.
The puff of flame hits you!
The ice beast hits you but does no damage.
Grinder hits you but does no damage.
The ice beast hits you but does no damage.
4401 ||| READING scroll of teleportation.
As you read the scroll of teleportation, it crumbles to dust.
You feel strangely unstable.
Your skin stops crawling.
You feel less strong-willed. Grinder says, "Are you a fish?" Grinder hits you.
You die...

## #..........#.
#.##### ##............
#.....####...........##
#.....#............#
#................<.#
#.#.....#...........##
#....F#............##
##..#e###....>..(..#
##.#.@###.........
#...Y5#..........
###.#5o.........
#............
###........ #........
##....... #......
.#..##


You could see Prince Ribbit (drained), Grinder, Duvessa, an ice beast, a white
imp and an orc.

Vanquished Creatures
  A jelly (D:5)
  An orc priest (D:4)
  4 hounds
  Terence (D:2)
  3 iguanas (D:4)
  2 orc wizards (D:4)
  7 adders
  4 gnolls (D:2)
  A river rat (D:4)
  A shadow imp (D:5)
  2 ufetubi
  2 worms (D:4)
  A dart slug (D:2)
  4 orcs
  5 endoplasms
  A giant cockroach (D:4)
  6 goblins
  11 hobgoblins
  2 jackals (D:3)
  11 kobolds
  6 quokkas
  9 ball pythons
  6 bats
  2 frilled lizards
  2 rats
95 creatures vanquished.

Notes
Turn   | Place    | Note
-------+----------+-------------------------------------------
     0 | D:1      | qw the Gargoyle Berserker began the quest for the Orb.
     0 | D:1      | Reached XP level 1. HP: 14/14 MP: 1/1
     0 | D:1      | 0 ||| qw: Version: 0.1-a-103-gd6f5d3a
     0 | D:1      | 0 ||| qw: Game counter: 5581
     0 | D:1      | 0 ||| qw: Always use a shield: true
     0 | D:1      | 0 ||| qw: Do Orc after D:15 true
     0 | D:1      | 0 ||| qw: Do second Lair branch before Depths: true
     0 | D:1      | 0 ||| qw: Lair rune preference: random
     0 | D:1      | 0 ||| qw: Plans: Normal
     0 | D:1      | 0 ||| PLANNING D:1-11
   367 | D:1      | Reached skill level 3 in Axes
   447 | D:1      | Reached XP level 2. HP: 19/19 MP: 2/2
   452 | D:1      | 452 ||| Stepping ~*~*~tactically~*~*~ (stealth).
   557 | D:1      | 557 ||| Stepping ~*~*~tactically~*~*~ (stealth).
   559 | D:1      | 559 ||| Stepping ~*~*~tactically~*~*~ (stealth).
   568 | D:1      | 568 ||| INVOKING Berserk.
   791 | D:1      | 791 ||| DROPPING +0 club.
  1100 | D:1      | 1100 ||| UPGRADING to +0 ring mail.
  1110 | D:1      | 1110 ||| DROPPING +0 animal skin.
  1111 | D:1      | 1111 ||| UPGRADING to +0 plate armour.
  1121 | D:1      | 1121 ||| DROPPING +0 ring mail.
  1122 | D:1      | 1122 ||| READING 2 scrolls labelled NOOROA IFOR.
  1123 | D:1      | 1123 ||| READING scroll labelled WIRUL UREQUTZE.
  1170 | D:1      | 1170 ||| READING 4 scrolls labelled UCOACVUIBB.
  1171 | D:1      | 1171 ||| READING 3 scrolls of enchant armour.
  1171 | D:1      | 1171 ||| ENCHANTING +0 plate armour.
  1172 | D:1      | 1172 ||| READING 2 scrolls of enchant armour.
  1172 | D:1      | 1172 ||| ENCHANTING +1 plate armour.
  1173 | D:1      | 1173 ||| READING scroll of enchant armour.
  1173 | D:1      | 1173 ||| ENCHANTING +2 plate armour.
  1174 | D:1      | 1174 ||| READING scroll labelled ZUYTWAENOH.
  1275 | D:1      | 1275 ||| DRINKING 2 bubbling clear potions.
  1352 | D:2      | Reached XP level 3. HP: 16/23 MP: 3/3
  1473 | D:2      | 1473 ||| READING scroll of enchant armour.
  1473 | D:2      | 1473 ||| ENCHANTING +3 plate armour.
  1490 | D:2      | Found a snail-covered altar of Cheibriados.
  1577 | D:2      | Noticed Terence
  1582 | D:2      | 1582 ||| INVOKING Berserk.
  1589 | D:2      | Killed Terence
  1590 | D:2      | Reached skill level 4 in Axes
  1705 | D:2      | Reached XP level 4. HP: 20/28 MP: 4/4
  1944 | D:2      | 1944 ||| Stepping ~*~*~tactically~*~*~ (hiding).
  1947 | D:2      | 1947 ||| Stepping ~*~*~tactically~*~*~ (hiding).
  1950 | D:2      | 1950 ||| INVOKING Berserk.
  2005 | D:2      | 2005 ||| Stepping ~*~*~tactically~*~*~ (stealth).
  2008 | D:2      | 2008 ||| Stepping ~*~*~tactically~*~*~ (stealth).
  2013 | D:2      | 2013 ||| Stepping ~*~*~tactically~*~*~ (stealth).
  2014 | D:2      | 2014 ||| Stepping ~*~*~tactically~*~*~ (stealth).
  2015 | D:2      | 2015 ||| INVOKING Berserk.
  2140 | D:2      | 2140 ||| INVOKING Berserk.
  2147 | D:2      | Reached skill level 5 in Axes
  2252 | D:2      | 2252 ||| DROPPING +0 whip.
  2366 | D:2      | Found Oxzutri's Antique Armour Emporium.
  2374 | D:2      | 2374 ||| BUYING cloak (85 gold).
  2374 | D:2      | Bought a cloak for 85 gold pieces
  2374 | D:2      | 2374 ||| SHOPLISTING glowing scarf (152 gold, have 1).
  2374 | D:2      | 2374 ||| SHOPLISTING pair of gloves (85 gold, have 1).
  2474 | D:2      | Found a runed translucent door.
  2475 | D:2      | Noticed Crazy Yiuf
  2730 | D:2      | 2730 ||| UPGRADING to +0 cloak.
  2735 | D:2      | 2735 ||| UPGRADING to ring of see invisible.
  2736 | D:2      | 2736 ||| READING 2 scrolls of identify.
  2736 | D:2      | 2736 ||| IDENTIFYING orange potion
  2737 | D:2      | 2737 ||| DROPPING potion of flight.
  2845 | D:3      | Reached XP level 5. HP: 32/32 MP: 5/5
  2846 | D:3      | Identified the +0 robe of Viso {rCorr Str+7}
  2851 | D:3      | 2851 ||| Stepping ~*~*~tactically~*~*~ (stealth).
  2957 | D:3      | 2957 ||| FLEEEEING.
  2958 | D:3      | 2958 ||| FLEEEEING.
  2982 | D:3      | 2982 ||| FLEEEEING.
  3162 | D:3      | Reached skill level 3 in Armour
  3264 | D:3      | Found a transporter.
  3292 | D:3      | Found a transporter.
  3297 | D:3      | Noticed qw's ghost (weakling OgEn)
  3378 | D:3      | Identified the +3 war axe of Teplon {drain, rN+ Str+4}
  3380 | D:3      | 3380 ||| SWAPPING to +3 war axe of Teplon {drain, rN+
                  | Str+4}.
  3381 | D:3      | 3381 ||| DROPPING +0 hand axe.
  3391 | D:3      | 3391 ||| READING scroll labelled VONOTU LUOQOUR.
  3396 | D:3      | 3396 ||| READING 2 scrolls of identify.
  3396 | D:3      | 3396 ||| IDENTIFYING lumpy puce potion
  3397 | D:3      | 3397 ||| DROPPING potion of degeneration.
  3407 | D:4      | 3407 ||| PLANNING SEWER
  3409 | D:4      | 3409 ||| STAIRDANCE
  3417 | D:4      | 3417 ||| STAIRDANCE
  3491 | D:4      | Reached ** piety under Trog
  3520 | D:4      | Reached XP level 6. HP: 38/38 MP: 6/6
  3911 | D:4      | Reached skill level 6 in Axes
  4042 | D:4      | 4042 ||| Stepping ~*~*~tactically~*~*~ (stealth).
  4043 | D:4      | 4043 ||| Stepping ~*~*~tactically~*~*~ (stealth).
  4077 | D:4      | 4077 ||| Stepping ~*~*~tactically~*~*~ (hiding).
  4078 | D:4      | 4078 ||| Stepping ~*~*~tactically~*~*~ (hiding).
  4080 | D:4      | 4080 ||| Stepping ~*~*~tactically~*~*~ (hiding).
  4087 | D:4      | 4087 ||| INVOKING Berserk.
  4103 | D:4      | 4103 ||| Stepping ~*~*~tactically~*~*~ (stealth).
  4107 | D:4      | 4107 ||| Stepping ~*~*~tactically~*~*~ (stealth).
  4122 | D:4      | Reached XP level 7. HP: 40/43 MP: 7/7
  4122 | D:4      | 4122 ||| Stepping ~*~*~tactically~*~*~ (hiding).
  4123 | D:4      | 4123 ||| FLEEEEING.
  4124 | D:4      | 4124 ||| FLEEEEING.
  4125 | D:4      | 4125 ||| FLEEEEING.
  4126 | D:4      | 4126 ||| Stepping ~*~*~tactically~*~*~ (stealth).
  4127 | D:4      | 4127 ||| FLEEEEING.
  4129 | D:4      | 4129 ||| FLEEEEING.
  4130 | D:4      | 4130 ||| FLEEEEING.
  4132 | D:4      | 4132 ||| RIP SEWER
  4134 | D:4      | 4134 ||| PLANNING D:1-11
  4293 | D:4      | 4293 ||| UPGRADING to ring of protection from cold.
  4294 | D:4      | 4294 ||| READING scroll labelled GOTUIL QITEGOYTESI.
  4295 | D:4      | 4295 ||| READING scroll labelled PIAPHA SIPTARPH.
  4296 | D:4      | 4296 ||| DRINKING 2 golden potions.
  4297 | D:4      | 4297 ||| DRINKING 2 pink potions.
  4298 | D:4      | 4298 ||| DRINKING 2 metallic clear potions.
  4298 | D:4      | Gained mutation: You are strong-willed. (Will+) [potion of
                  | mutation]
  4298 | D:4      | Gained mutation: You have a pair of small horns on your
                  | head. [potion of mutation]
  4298 | D:4      | Gained mutation: You have large cloven feet. [potion of
                  | mutation]
  4299 | D:4      | 4299 ||| READING 2 scrolls of identify.
  4299 | D:4      | 4299 ||| IDENTIFYING dark potion
  4300 | D:4      | 4300 ||| DROPPING potion of attraction.
  4317 | D:5      | Entered Level 5 of the Dungeon
  4377 | D:5      | 4377 ||| Stepping ~*~*~tactically~*~*~ (hiding).
  4378 | D:5      | 4378 ||| INVOKING Berserk.
  4380 | D:5      | Reached skill level 7 in Axes
  4385 | D:5      | Noticed Prince Ribbit
  4388 | D:5      | Noticed Grinder
  4389 | D:5      | 4389 ||| INVOKING Trog's Hand.
  4394 | D:5      | Noticed Duvessa
  4395 | D:5      | Noticed Dowan
  4400 | D:5      | HP: 4/43 [Duvessa/puff of flame (9)]
  4401 | D:5      | 4401 ||| READING scroll of teleportation.
  4401 | D:5      | Slain by Grinder

Levels and vault maps discovered:
D:1:      evilmike_arrival_crescent, layout_basic
D:2:      layout_basic, serial_curves, eino_curves_02, eino_curves_02,
          basic_altar, serial_shops, nicolae_diamond_shop, minmay_cut_off,
          uniq_crazy_yiuf_cottage, uniq_terence
D:3:      layout_rooms, gammafunk_ghost_mausoleum
D:4:      minmay_octagon_keep, layout_cave_pools, gup_sewer_entry_bowl,
          skrybe_limestone_x
D:5:      layout_rooms, uniq_duvessa, uniq_grinder, uniq_prince_ribbit1

Skill      XL: |  1  2  3  4  5  6  7 |
---------------+----------------------+-----
Axes           | 3 4 5 6 7 |  7.0
Armour         | 3 |  3.0
Fighting       | 4 |  4.0
Dodging        | |  1.5

Action                   |  1- 3 |  4- 6 |  7- 9 || total
-------------------------+-------+-------+-------++-------
Melee: Hand axe          |    87 |   102 |       ||   189
       Punch             |     1 |       |       ||     1
       War axe           |       |    81 |    28 ||   109
       Kick              |       |       |     2 ||     2
       Headbutt          |       |       |     2 ||     2
Invok: Berserk           |     2 |     4 |     1 ||     7
       Trog's Hand       |       |       |     1 ||     1
  Use: Scroll            |     8 |     3 |     4 ||    15
       Potion            |     1 |       |     3 ||     4
Armor: Animal skin       |    13 |       |       ||    13
       Plate armour      |    23 |   141 |    37 ||   201
Dodge: Dodged            |    36 |    71 |    11 ||   118

Table legend:
 A = Non-vault XP
 B = Vault XP
 C = Vault XP percentage of total XP
 D = Non-vault monster count
 E = Vault monster count
 F = Vault count percentage of total count
                 A         B        C        D         E       F
            +---------+---------+-------+---------+---------+-------
      Total |     695 |     102 |  12.8 |      77 |      18 |  18.9
            +---------+---------+-------+---------+---------+-------
        D:1 |      24 |       0 |   0.0 |      15 |       0 |   0.0
        D:2 |      94 |      40 |  29.9 |      11 |       3 |  21.4
        D:3 |     105 |       0 |   0.0 |      24 |       0 |   0.0
        D:4 |     361 |      62 |  14.7 |      23 |      15 |  39.5
        D:5 |     111 |       0 |   0.0 |       4 |       0 |   0.0
            +---------+---------+-------+---------+---------+-------
